Selects Australian Defense Battlegroup
Selects Australian Light Infantry Section
Australian Light Infantry Section
Construct Section Command Post
Australian Light Infantry Section
Construct Field Infirmary
Australian Light Infantry Section
Selects CMP 15cwt Supply Run
Construct Platoon Command Post
6-pounder Anti-tank Gun Team
Unlock M3 Stuart Light Tanks
Selects Reinforced Resource Caches
Unlock Bishop Self-propelled Artillery
Bishop Self-propelled Artillery
Australian Light Infantry Section
Bishop Self-propelled Artillery
Selects Archer Tank Destroyer
Selects Defensive Tactics
Selects Vehicle Over Repair